 Dungeon Crawl Stone Soup version 0.29-a0-1052-g6990b1bffc (webtiles) character file.

Game seed: 1696040706520623090

15126 ytrimaz the Nimble (level 11, -3/92 HPs)
             Began as a Demonspawn Transmuter on Aug 17, 2022.
             Slain by a white ugly thing (31 damage)
             ... on level 12 of the Dungeon.
             The game lasted 00:15:52 (10015 turns).

ytrimaz the Nimble (Demonspawn Transmuter)         Turns: 10015, Time: 00:15:53

Health: -3/92      AC:  9    Str: 23    XL:     11   Next: 97%
Magic:  12/14      EV: 17    Int: 27    God:
Gold:   1467       SH:  0    Dex: 16    Spells: 4/14 levels left

rFire   . . .      SeeInvis .     - Unarmed
rCold   . . .      Faith    .   d - orb {light}
rNeg    . . .      Spirit   .   e - +0 ring mail of Watchfulness {Str+4 Int+3 Dex+5}
rPois   +          Reflect  .   (helmet currently unavailable)
rElec   .          Harm     .   (no cloak)
rCorr   +          Rampage  .   (no gloves)
Will    .....                   (boots currently unavailable)
Stlth   +.........              t - amulet "Peloinam" {Regen+ rCorr Str+8 Dex-3 Stlth+}
HPRegen 1.05/turn               y - ring of poison resistance
MPRegen 0.14/turn               s - +6 ring of intelligence

@: appendages, very slightly contaminated, glowing
A: horns 2, talons 2, hooves 1, yellow scales 3, foul stench 1, powered by death
1
a: End Transformation


You were on level 12 of the Dungeon.
You had temporarily grown beastly horns and talons.
You visited 2 branches of the dungeon, and saw 13 of its levels.

You collected 1872 gold pieces.
You spent 405 gold pieces at shops.

Inventory:

Missiles
 z - 4 throwing nets
Armour
 d - an orb of light (worn)
 e - the +0 ring mail of Watchfulness (worn) {Str+4 Int+3 Dex+5}
   (You found it on level 3 of the Dungeon)

   Str:       It affects your strength (+4).
   Int:       It affects your intelligence (+3).
   Dex:       It affects your dexterity (+5).
Jewellery
 n - a ring of willpower
 r - a ring of flight
 s - a +6 ring of intelligence (right hand)
 t - the amulet "Peloinam" (around neck) {Regen+ rCorr Str+8 Dex-3 Stlth+}
   (You acquired it on level 4 of the Dungeon)

   [amulet of regeneration]

   Str:       It affects your strength (+8).
   Dex:       It affects your dexterity (-3).
   Regen:     It increases your rate of health regeneration.
   rCorr:     It protects you from acid and corrosion.
   Stlth:     It makes you more stealthy.
 y - a ring of poison resistance (left hand)
 C - an amulet of regeneration
 D - a ring of ice
Wands
 k - a wand of acid (15)
 o - a wand of digging (16)
 F - a wand of flame (5)
Scrolls
 a - 3 scrolls of identify
 f - a scroll of noise
 i - a scroll of torment
 l - a scroll of blinking
 m - 4 scrolls of fog
 p - a scroll of fear
 q - 3 scrolls of magic mapping
 v - 4 scrolls of amnesia
 x - a scroll of immolation
 A - a scroll of enchant armour
 B - a scroll of enchant weapon
Potions
 b - 5 potions of heal wounds
 c - 3 potions of flight
 g - 3 potions of magic
 h - 6 potions of curing
 j - a potion of resistance
 u - 4 potions of mutation
 w - a potion of invisibility
 E - a potion of attraction


   Skills:
 + Level 10.7 Fighting
 - Level 12.0 Dodging
 - Level 10.0 Unarmed Combat
 - Level 2.0 Spellcasting
 + Level 2.0 Transmutations


You had 4 spell levels left.
You knew the following spells:

 Your Spells              Type           Power      Damage    Failure   Level
a - Beastly Appendage     Tmut           28%        N/A       7%          1
b - Wereblood             Tmut           14%        N/A       10%         2
c - Spider Form           Tmut/Pois      8%         N/A       30%         3
d - Ice Form              Ice/Tmut       8%         N/A       71%         4

Your spell library contained the following spells:

 Spells                   Type           Power      Damage    Failure   Level
 Sting                    Tmut/Pois      32%        1d4       11%         1
 Poisonous Vapours        Pois/Air       4%         N/A       24%         2
 Static Discharge         Conj/Air       2%         3-4/arc   24%         2
 Portal Projectile        Hex/Tloc       4%         N/A       43%         3
 Tukima's Dance           Hex            2%         N/A       43%         3
 Corpse Rot               Necr/Pois/Air  2%         N/A       83%         4
 Dispel Undead            Necr           2%         3d7       83%         4
 Olgreb's Toxic Radiance  Pois           2%         N/A       83%         4
 Sticky Flame             Conj/Fire      2%         2d3       83%         4
 Blade Hands              Tmut           7%         N/A       88%         5


Dungeon Overview and Level Annotations

Branches:
Dungeon (12/15)            Temple (1/1) D:7            Lair (0/5) D:8
    Orc (0/2) D:11

Altars:
Ashenzari
Cheibriados
Dithmenos
Fedhas
Gozag
Hepliaklqana
Kikubaaqudgha
Makhleb
Nemelex Xobeh
Okawaru
Qazlal
Ru
Sif Muna
Trog
Uskayaw
Vehumet
Wu Jian
Xom
Yredelemnul
Lugonu

Shops:
D:2 (   D:4 *   D:9 [**

Portals:
Abyss: D:6

Annotations:
D:3 1 runed translucent door, Crazy Yiuf
D:6 2 runed translucent doors
D:10 1 runed translucent door, flotson's ghost, journeyman DsDe


Innate Abilities, Weirdness & Mutations

You have temporarily grown beastly horns and talons.
You have large cloven feet.
You are completely covered in yellow scales. (AC +4, rCorr)
You may rarely emit foul miasma when damaged in melee.
You regenerate a little health from kills.


Message History

No target in view!
Your primal bloodlust is almost over.
No target in view!
Unknown command.
You howl as the wereblood boils in your veins!
Your primal bloodlust has ended.
Found a lajatang.
You see here a +0 lajatang.
A cyan ugly thing comes into view.
The cyan ugly thing gurgles horribly!
A cyan ugly thing is nearby!
You grow a pair of large bovine horns.
Your feet morph into talons.
Casting: Beastly Appendage (safe; 7% risk of failure)
Confirm with . or Enter, or press ? or * to list all spells.
You miscast Wereblood.
You are very lightly contaminated with residual magic.
Nothing appears to happen.
You hit the cyan ugly thing. You headbutt the cyan ugly thing.
The cyan ugly thing is lightly wounded.
The cyan ugly thing trunk-slaps you! The cyan ugly thing shocks you!
You punch the cyan ugly thing!
The cyan ugly thing is moderately wounded.
You punch the cyan ugly thing!
You claw the cyan ugly thing, but do no damage.
You headbutt the cyan ugly thing, but do no damage.
The cyan ugly thing is moderately wounded.
The cyan ugly thing basks in your mutagenic energy and changes!
You barely miss the white ugly thing. You headbutt the white ugly thing!
The white ugly thing is heavily wounded.
You completely miss the white ugly thing.
The white ugly thing is heavily wounded.
You hit the white ugly thing. You claw the white ugly thing.
Your headbutt misses the white ugly thing.
The white ugly thing is heavily wounded.
The white ugly thing kicks you! The white ugly thing freezes you!!
You are too injured to fight recklessly!
You punch the white ugly thing! You headbutt the white ugly thing.
The white ugly thing is severely wounded.
The white ugly thing kicks you! The white ugly thing freezes you!!
You die...

**#.#****,********,**,* * #.# *,*
###.##.***********
#.#****,*****#...,.,,,,,,,,,,,,
#.#*,,,,,,,,,.....#,#********,,
#.#**********#..,.#.#** *,**,,
###.### #......,,* *,**,,
......##########.#..#.#.###*,**,,
.................u........,,,,,,,
###.#....#####*#@######.#**,,,,,,
#.#..#)#### #.)......###,,,,,,
**#.#.......####.##.......#,,,,,,
,.................+.......#,,,,,,
*##.#.##....####.##.......#,,,,,,
#.#.#........#.##.......#,,,,,,
#,#.#..#...#.#.##.......#,,,,,,
***,#.#..#.....#.#...##+###,,,,,,
,,,,,..........#.#...#*,* *,,,,,,


You could see a white ugly thing.

Vanquished Creatures
  Fannar (D:10)
  3 two-headed ogres
  A centaur warrior (D:8)
  A hydra (D:11)
  Nergalle (D:10)
  2 gargoyles
  An unseen horror (D:11)
  Grinder (D:3)
  3 shadows
  A vampire (D:11)
  3 wraiths
  A wyvern (D:8)
  32 yaks
  4 vampire mosquitoes (D:11)
  3 water moccasins
  An ice beast (D:8)
  3 orc warriors (D:11)
  2 sky beasts (D:7)
  An ogre (D:6)
  8 centaurs
  A phantom (D:6)
  A kobold brigand (D:8)
  6 bullfrogs
  3 necrophages
  3 scorpions
  8 killer bees (D:8)
  An electric eel (D:7)
  3 orc priests
  2 gnoll boudas
  A jelly (D:8)
  2 iguanas (D:6)
  Ijyb (D:2)
  11 orc wizards
  Robin (D:3)
  7 adders
  13 gnolls
  2 shadow imps (D:8)
  3 white imps
  2 worms (D:3)
  2 dart slugs (D:4)
  36 orcs
  11 endoplasms
  2 giant cockroaches
  24 goblins
  10 hobgoblins
  8 jackals
  2 quokkas
  9 ball pythons
  6 bats
  A frilled lizard (D:2)
  13 kobolds
  2 rats
270 creatures vanquished.

Notes
Turn   | Place    | Note
-------+----------+-------------------------------------------
     0 | D:1      | ytrimaz the Demonspawn Transmuter began the quest for the
                  | Orb.
     0 | D:1      | Reached XP level 1. HP: 15/15 MP: 3/3
   110 | D:1      | Reached skill level 2 in Dodging
   503 | D:1      | Gained mutation: You regenerate a little health from kills.
                  | [demonic ancestry]
   503 | D:1      | Reached XP level 2. HP: 21/21 MP: 3/5
   633 | D:1      | Learned a level 2 spell: Wereblood
   638 | D:1      | Found a faded altar of an unknown god.
  1036 | D:2      | Gained mutation: You are partially covered in yellow
                  | scales. (AC +2) [demonic ancestry]
  1036 | D:2      | Reached XP level 3. HP: 13/26 MP: 4/6
  1040 | D:2      | Learned a level 3 spell: Spider Form
  1495 | D:2      | Identified the +2 leather armour of Ogucsa {-Tele Harm
                  | rPois Int+10}
  1551 | D:2      | Found Jarph's Weapon Emporium.
  1737 | D:2      | Noticed Ijyb
  1761 | D:2      | Killed Ijyb
  1762 | D:2      | Reached XP level 4. HP: 31/32 MP: 2/7
  1951 | D:3      | Gained mutation: You may rarely emit foul miasma when
                  | damaged in melee. [demonic ancestry]
  1951 | D:3      | Reached XP level 5. HP: 37/37 MP: 6/8
  2302 | D:3      | Identified the +0 ring mail of Watchfulness {Str+4 Int+3
                  | Dex+5}
  2535 | D:3      | Noticed Grinder
  2551 | D:3      | Killed Grinder
  2552 | D:3      | Reached skill level 3 in Dodging
  2552 | D:3      | Reached skill level 5 in Unarmed Combat
  2552 | D:3      | Gained mutation: You are mostly covered in yellow scales.
                  | (AC +3) [demonic ancestry]
  2552 | D:3      | Reached XP level 6. HP: 31/44 MP: 9/9
  2756 | D:3      | Noticed Robin
  2777 | D:3      | Killed Robin
  2912 | D:3      | Found a runed translucent door.
  2913 | D:3      | Noticed Crazy Yiuf
  3107 | D:4      | Found a broken altar of Ashenzari.
  3532 | D:4      | Found Voostrue's General Store.
  3535 | D:4      | Bought 3 scrolls of magic mapping for 225 gold pieces
  3535 | D:4      | Bought a scroll of fog for 40 gold pieces
  3607 | D:4      | Identified 3 scrolls of acquirement
  3610 | D:4      | Acquired the amulet of Ymudew {Faith rC+}
  3619 | D:4      | Acquired the amulet "Peloinam" {Regen+ rCorr Str+8 Dex-3
                  | Stlth+}
  3633 | D:4      | Acquired 1110 gold pieces
  3876 | D:5      | Entered Level 5 of the Dungeon
  3884 | D:5      | Gained mutation: You are completely covered in yellow
                  | scales. (AC +4, rCorr) [demonic ancestry]
  3884 | D:5      | Reached XP level 7. HP: 50/50 MP: 8/10
  3909 | D:5      | Found a sacrificial altar of Ru.
  4022 | D:5      | Learned a level 4 spell: Ice Form
  4147 | D:5      | Reached skill level 4 in Dodging
  4185 | D:5      | Found a shadowy altar of Dithmenos.
  4471 | D:6      | Found a radiant altar of Vehumet.
  4471 | D:6      | Found an ornate altar of the Wu Jian Council.
  4471 | D:6      | Found an ancient bone altar of Kikubaaqudgha.
  4471 | D:6      | Found an iron altar of Okawaru.
  4770 | D:6      | Reached XP level 8. HP: 44/57 MP: 11/11
  4878 | D:6      | Found a one-way gate to the infinite horrors of the Abyss.
  4878 | D:6      | Identified the +4 dagger of Autumn {distort, rF- rCorr
                  | Str+2 Stlth+}
  4936 | D:6      | Found a large runed translucent door.
  4937 | D:6      | Found a large runed translucent door.
  4940 | D:6      | Found a corrupted altar of Lugonu.
  5435 | D:7      | Reached skill level 5 in Dodging
  5623 | D:7      | Found a staircase to the Ecumenical Temple.
  5634 | Temple   | Entered the Ecumenical Temple
  6181 | D:8      | Reached XP level 9. HP: 53/62 MP: 10/12
  6285 | D:8      | Reached skill level 10 in Unarmed Combat
  6439 | D:8      | Reached skill level 6 in Dodging
  6710 | D:8      | Noticed a centaur warrior
  6724 | D:8      | Killed a centaur warrior
  6725 | D:8      | Reached skill level 7 in Dodging
  6927 | D:8      | Reached skill level 5 in Fighting
  6940 | D:8      | Gained mutation: You have large cloven feet. [demonic
                  | ancestry]
  6940 | D:8      | Reached XP level 10. HP: 61/74 MP: 11/13
  6944 | D:8      | Reached skill level 8 in Dodging
  6965 | D:8      | Found a staircase to the Lair.
  7216 | D:9      | Found a hide-covered altar of Uskayaw.
  7226 | D:9      | Found Cheibriados's Comfort Zone.
  7228 | D:9      | Found a snail-covered altar of Cheibriados.
  7345 | D:9      | Noticed a two-headed ogre
  7422 | D:9      | Killed a two-headed ogre
  7423 | D:9      | Reached skill level 9 in Dodging
  7612 | D:9      | Found Devvah's General Store.
  7614 | D:9      | Found Coeruf's Specific Store.
  7619 | D:9      | Bought 2 potions of heal wounds for 140 gold pieces
  7780 | D:10     | Entered Level 10 of the Dungeon
  7822 | D:10     | Noticed Fannar
  7824 | D:10     | Noticed a two-headed ogre
  7833 | D:10     | Killed a two-headed ogre
  7846 | D:10     | Killed Fannar
  7847 | D:10     | Noticed Nergalle
  7867 | D:10     | Killed Nergalle
  7868 | D:10     | Reached skill level 10 in Dodging
  7868 | D:10     | Reached XP level 11. HP: 53/86 MP: 14/14
  8190 | D:10     | Found a runed translucent door.
  8192 | D:10     | Noticed flotson's ghost (journeyman DsDe)
  8194 | D:10     | Noticed a four-headed hydra
  8445 | D:11     | Noticed a five-headed hydra
  8452 | D:11     | Killed a five-headed hydra
  8570 | D:11     | Reached skill level 11 in Dodging
  8938 | D:11     | Noticed a two-headed ogre
  8946 | D:11     | Killed a two-headed ogre
  9029 | D:11     | Reached skill level 10 in Fighting
  9344 | D:11     | Found a staircase to the Orcish Mines.
  9625 | D:11     | Reached skill level 12 in Dodging
 10006 | D:12     | Noticed a cyan ugly thing
 10015 | D:12     | Slain by a white ugly thing

Illustrated notes

Levels and vault maps discovered:
D:1:      dpeg_arrival_central, layout_basic,
          ebering_ecumenical_altar_sacrificial, minmay_pentomino_s4
D:2:      kennysheep_the_goblin_king, layout_rooms, serial_shops, shop_coins,
          st_stairs_4
D:3:      layout_basic, uniq_grinder, uniq_robin, uniq_crazy_yiuf_cottage
D:4:      layout_basic, ashenzari_altar_1, serial_shops, kennysheep_mini_moat
D:5:      layout_rooms, mainiacjoe_overflow_alcove_2,
          mainiacjoe_overflow_boulevard
D:6:      due_chaos_kobolds, layout_basic,
          chequers_temple_overflow_statue_of_worship
D:7:      layout_cave_pools, minmay_temple_entry_proselytizer,
          nicolae_water_bricks
D:8:      cheibrodos_iron_armory, layout_loops_cross, lair_entry_dummy,
          st_stairs_11, small_chamber_with_monster, uniq_maurice
D:9:      layout_small_grid, nicolae_uskayaw_suspiria, lemuel_doored_altar,
          minmay_shop_chei, nicolae_specific_store, minmay_holes,
          kennysheep_decorative_pillar
D:10:     layout_cave_pools, ebering_ghost_inner_flame, uniq_fannar,
          uniq_nergalle
D:11:     layout_layer_cave, david_orc_4
D:12:     layout_basic, portal_ice_cave_rime
Temple:   hellmonk_temple_forest_ring

Skill      XL: |  1  2  3  4  5  6  7  8  9 10 11 |
---------------+----------------------------------+-----
Dodging        | 2 3 4 5 7 10 12 | 12.0
Unarmed Combat | 3 4 5 6 7 9 10 | 10.0
Fighting       | 2 5 8 10 | 10.7
Transmutations | 2 |  2.0
Spellcasting   | |  2.0

Action                   |  1- 3 |  4- 6 |  7- 9 | 10-12 || total
-------------------------+-------+-------+-------+-------++-------
Melee: Unarmed           |    92 |   140 |   201 |   326 ||   759
       Kick              |    18 |    28 |    61 |   132 ||   239
       Headbutt          |     3 |    16 |    38 |    76 ||   133
 Cast: Beastly Appendage |    20 |    21 |    33 |    35 ||   109
       Wereblood         |     1 |     2 |     8 |    12 ||    23
       Spider Form       |       |       |     1 |     1 ||     2
Evoke: Wand              |       |       |       |     3 ||     3
  Use: Scroll            |     4 |    11 |     7 |     9 ||    31
       Potion            |     2 |       |       |     5 ||     7
Armor: Robe              |    25 |    43 |     5 |       ||    73
       Skin              |    11 |       |       |       ||    11
       Ring mail         |       |       |    37 |    78 ||   115
Dodge: Dodged            |    56 |    95 |   141 |   310 ||   602

Table legend: (Time is in decaauts)
 A = Elapsed time spent in this place.
 B = Non-inter-level travel time spent in this place.
 C = Inter-level travel time spent in this place.
 D = Time resting spent in this place.
 E = Time spent auto-exploring this place.
 F = Levels seen in this place.
 G = Mean time per level.
                   A        B        C        D        E       F      G
               +--------+--------+--------+--------+--------+-----+--------+
         Total |   9909 |   9651 |    258 |    970 |   6684 |  13 |  762.2 |
       Dungeon |   9762 |   9514 |    248 |    970 |   6557 |  12 |  813.5 |
        Temple |    147 |    137 |     10 |      0 |    127 |   1 |  147.0 |
               +--------+--------+--------+--------+--------+-----+--------+

Top non-repeatable levels by time:
    D:11: 1347 daAuts
     D:3: 1152 daAuts
     D:8: 1023 daAuts
     D:1: 1008 daAuts
     D:2: 885 daAuts
     D:6: 851 daAuts
     D:4: 808 daAuts
    D:10: 653 daAuts
     D:7: 628 daAuts
     D:9: 620 daAuts
     D:5: 588 daAuts
    D:12: 194 daAuts
  Temple: 147 daAuts
